 Dungeon Crawl Stone Soup version 0.21.1-1-g345015f (webtiles) character file.

112 4thArraOfDagon the Twirler (level 4, -5/37 HPs)
             Began as a Demigod Gladiator on Feb 5, 2018.
             Slain by an ogre
             ... wielding a +0 giant spiked club
              (11 damage)
             ... on level 3 of the Dungeon.
             The game lasted 00:04:50 (1138 turns).

4thArraOfDagon the Twirler (Demigod Gladiator)      Turns: 1138, Time: 00:04:50

Health: -5/37      AC:  7    Str: 17    XL:     4   Next: 37%
Magic:  6/6        EV: 12    Int: 14    God:
Gold:   74         SH:  0    Dex: 17    Spells: 3/3 levels left

rFire    . . .     SeeInvis .   r - +4 war axe (elec)
rCold    . . .     Gourm    .   (no shield)
rNeg     + . .     Faith    .   h - +0 ring mail
rPois    .         Spirit   .   c - +0 helmet
rElec    .         Reflect  .   (no cloak)
rCorr    .         Harm     .   p - +0 pair of gloves
MR       .....                  (no boots)
Stlth    +.........             (no amulet)
HPRegen  0.12/turn              k - ring of positive energy
MPRegen  0.10/turn              (no ring)

@: no status effects
A: high mp 1
a: no special abilities


You were on level 3 of the Dungeon.
You were not hungry.

You visited 1 branch of the dungeon, and saw 4 of its levels.

You collected 74 gold pieces.

Inventory:

Hand Weapons
 a - a +0 quarterstaff
 m - a +1 flail of draining
 r - a +4 war axe of electrocution (weapon)
Missiles
 d - 2 throwing nets (quivered)
 s - 7 javelins
Armour
 b - a +0 leather armour
 c - a +0 helmet (worn)
 h - a +0 ring mail (worn)
 p - a +0 pair of gloves (worn)
Jewellery
 k - a ring of positive energy (left hand)
Wands
 j - a wand of flame (4)
Scrolls
 e - a scroll of remove curse {unknown}
 g - a scroll of identify
 i - a scroll of magic mapping {unknown}
 l - 3 scrolls of fog
 q - a scroll of fear {unknown}
 t - a scroll of random uselessness {unknown}
Potions
 n - a potion of flight
 o - a potion of curing
Comestibles
 f - 5 rations


   Skills:
 + Level 2.8 Fighting
 * Level 0.5 Axes
 - Level 4.1 Staves
 - Level 1.7 Throwing
 - Level 3.0 Dodging


You had 3 spell levels left.
You didn't know any spells.

Dungeon Overview and Level Annotations

Branches:
Dungeon (4/15)
 Temple: D:4-7


Innate Abilities, Weirdness & Mutations

You have an increased reservoir of magic. (+10% MP)


Message History

You throw a throwing net.
The throwing net barely misses the ogre.
Unknown command.
Throwing (i - inventory. (,) - cycle):
d - 3 throwing nets (quivered)
Press: ? - help, Shift-Dir - straight line, f/p - ogre
Aim: an ogre, wielding a giant spiked club You throw a throwing net.
The throwing net hits the ogre.
The ogre is caught in the net!
The ogre struggles against the net.
Unknown command.
You slash the ogre!
The ogre is heavily wounded.
The ogre struggles against the net.
You hit the ogre.
The ogre is heavily wounded.
The ogre struggles against the net. x2
The net rips apart, and the ogre comes free!
You hit the ogre.
The ogre is heavily wounded.
The ogre hits you with a giant spiked club!
You die...

.........###...................#.
................####.....##.##...
.).....######.### ####..#..####.
#.##........#.#### #..#.## #.
#.###.#####......## ##..#.#
#.##o.# ##.###..####.....#
#....## ##.# ##...#....รท[####.#
...########..###......#.........#
..###.......##(O@##........#.....
#####.########.#######.#..##.###.
# #...# #.# #.##..#.###. ###.###
######.# ##.#......... #...#
##......# #..:.....####
..######..###### #........#
.........## #........##
.....##### ####......# .....#
#.....(#


You could see an ogre.

Vanquished Creatures
  Ijyb (D:3)
  A howler monkey zombie (D:3)
  2 adders (D:3)
  2 worms (D:2)
  A dart slug (D:2)
  10 orcs
  2 giant cockroaches (D:3)
  5 goblins (D:3)
  3 hobgoblins (D:2)
  3 quokkas
  A ball python (D:3)
  A bat (D:2)
  A frilled lizard (D:3)
  3 kobolds
  4 rats
40 creatures vanquished.

Notes
Turn   | Place    | Note
-------+----------+-------------------------------------------
     0 | D:1      | 4thArraOfDagon the Demigod Gladiator began the quest for the Orb.
     0 | D:1      | Reached XP level 1. HP: 17/17 MP: 3/3
   167 | D:2      | Reached skill level 3 in Staves
   182 | D:2      | Reached XP level 2. HP: 24/24 MP: 4/4
   562 | D:3      | Reached XP level 3. HP: 13/29 MP: 5/5
   739 | D:3      | Noticed Ijyb
   770 | D:3      | Killed Ijyb
   770 | D:3      | HP: 1/30 [rat (1)]
   931 | D:3      | Reached skill level 4 in Staves
   931 | D:3      | Reached XP level 4. HP: 29/37 MP: 6/6
  1131 | D:4      | Noticed an ogre
  1138 | D:3      | Slain by an ogre

Skill      XL: |  1  2  3 |
---------------+----------+-----
Staves         | 3 4 |  4.1
Fighting       | 2 |  2.8
Dodging        | 3 |  3.0
Axes           | |  0.5
Throwing       | |  1.7

Action                   |  1- 3 |  4- 6 || total
-------------------------+-------+-------++-------
Melee: Quarterstaff      |    74 |       ||    74
       Flail             |    42 |     9 ||    51
       War axe           |       |     6 ||     6
Throw: Throwing net      |       |     2 ||     2
  Use: Potion            |     7 |       ||     7
       Scroll            |     3 |       ||     3
  Eat: Chunk             |       |     1 ||     1
Armor: Ring mail         |    45 |     1 ||    46
Dodge: Dodged            |    88 |     5 ||    93
